 Dungeon Crawl Stone Soup version 0.14-a0-59-gd5eeb80 (webtiles) character file.

219 Aelig the Grave Robber (level 4, -1/32 HPs)
             Began as a Demonspawn Necromancer on Sept 30, 2013.
             Slain by an orc
             ... wielding a +1,+3 orcish mace
              (7 damage)
             ... on Level 3 of the Dungeon.
             The game lasted 00:06:55 (2975 turns).

Aelig the Grave Robber (Demonspawn Necromancer)     Turns: 2975, Time: 00:06:55

HP  -1/32        AC  3     Str  9      XL: 4   Next: 38%
MP   5/7         EV 12     Int 17      God:
Gold 125         SH  0     Dex 13      Spells:  1 memorised,  4 levels left

Res.Fire  : . . .   See Invis. : .   k - +1 dagger (drain)
Res.Cold  : . . .   Warding    : .   a - +0 robe
Life Prot.: . . .   Conserve   : .   (no shield)
Res.Poison: .       Res.Corr.  : .   (helmet restricted)
Res.Elec. : .       Clarity    : .   (no cloak)
Sust.Abil.: . .     Spirit.Shd : .   n - +0 pair of gloves
Res.Mut.  : .       Stasis     : .   (no boots)
Res.Rott. : .       Flight     : .   (no amulet)
Saprovore : . . .                    (no ring)
                                     (no ring)

@: slightly resistant to hostile enchantments, fairly stealthy
A: horns 1, spiny 1
a: no special abilities


You were on level 3 of the Dungeon.
You were hungry.

You visited 1 branch of the dungeon, and saw 3 of its levels.

You collected 105 gold pieces.

Inventory:

Hand weapons
 e - a +0,+2 dagger of venom
 k - a +1,+1 dagger of draining (weapon)
Armour
 a - a +0 robe (worn)
 n - a +0 pair of gloves (worn)
Comestibles
 c - 4 bread rations
 j - 2 meat rations
 m - 12 strawberries
 p - 11 grapes
 s - a chunk of giant gecko flesh
 v - a chunk of giant newt flesh
Scrolls
 g - a scroll of teleportation {unknown}
 l - a scroll of noise {unknown}
 q - a scroll of remove curse {unknown}
 r - 2 scrolls of identify {unknown}
 u - a scroll of enchant weapon I {unknown}
Jewellery
 d - a +2 ring of strength {unknown}
Potions
 f - a potion of curing
 h - a potion of confusion {unknown}
 i - a potion of slowing {unknown}
 o - a potion of paralysis {unknown}
 t - a potion of magic {unknown}
Books
 b - a book of Necromancy

   Spells                             Type                      Level
   *Pain                              Necromancy                   1
   Animate Skeleton                   Necromancy                   1
   Lethal Infusion                    Charms/Necromancy            2
   Vampiric Draining                  Necromancy                   3
   Regeneration                       Charms/Necromancy            3
   Animate Dead                       Necromancy                   4
   Control Undead                     Necromancy                   4


   Skills:
 + Level 4.1 Fighting
 - Level 1.7 Dodging
 - Level 1.7 Stealth
 - Level 1.0 Spellcasting
 - Level 4.3 Necromancy


You had 4 spell levels left.
You knew the following spells:

 Your Spells              Type           Power        Failure   Level  Hunger
a - Pain                  Necr           ###.         3%          1    ##.....


Dungeon Overview and Level Annotations

Branches:
Dungeon (3/27)

Altars:

Annotations:
D:3 Grinder


Innate Abilities, Weirdness & Mutations

You have a pair of small horns on your head.
You are partially covered in sharp spines.


Message History

The orc barely misses you. Grinder hits you.
You writhe in agony.
Grinder gestures at you.
You suddenly lose the ability to move!
The orc hits you with an orcish mace!
Grinder gestures.
Grinder blinks!
The orc hits you with an orcish mace.
* * * LOW HITPOINT WARNING * * *
The orc hits you with an orcish mace.
* * * LOW HITPOINT WARNING * * *
The orc hits you with an orcish mace.
* * * LOW HITPOINT WARNING * * *
You can move again.
Grinder gestures.
Grinder blinks!
Grinder gestures.
Grinder blinks!
Drink which item? (? for menu, Esc to quit)
You feel better.
It was a potion of curing.
The orc hits you with an orcish mace!
You die...

###### #....# #.##.# #########
#.##.# #.......# #.##.# #
#.#####.# #.##o# ###.#
###.###############.##.# ....#
#...#...#.@o......ยง....#
#######.###.#.#+#########.#%.#
....).......#.........###.#.[....
#######....##.........+..>#.#....
#..........+..........#...#.#....
#.#####....####'####+##.#.#.#...#
#####.#######'####.##.#.#.#....
#.....................#.#.#.#..
#.###.#........###.####.#.#. .


You could see an orc.

Vanquished Creatures
  Jessica (D:3)
  2 adders
  2 worms
  3 giant geckos
  3 bats
  2 giant cockroaches
  5 hobgoblins
  5 giant newts
  9 goblins
  5 jackals
  9 kobolds
  2 quokkas (D:2)
  11 rats
59 creatures vanquished.

Notes
Turn   | Place    | Note
--------------------------------------------------------------
     0 | D:1      | Aelig, the Demonspawn Necromancer, began the quest for the Orb.
     0 | D:1      | Reached XP level 1. HP: 13/13 MP: 3/3
   462 | D:1      | Reached skill level 1 in Fighting
   962 | D:1      | Gained mutation: You have a pair of small horns on your head. [demonic ancestry]
   962 | D:1      | Reached XP level 2. HP: 19/19 MP: 4/4
  1642 | D:2      | Reached XP level 3. HP: 17/24 MP: 5/5
  2692 | D:3      | Gained mutation: You are partially covered in sharp spines. [demonic ancestry]
  2692 | D:3      | Reached XP level 4. HP: 26/31 MP: 7/7
  2937 | D:3      | Noticed Jessica
  2942 | D:3      | Noticed Grinder
  2942 | D:3      | Killed Jessica
  2962 | D:3      | Paralysed by Grinder for 6 turns
  2967 | D:3      | HP: 1/32 [orc/orcish mace (2)]
  2975 | D:3      | Slain by an orc

Action                   |  1- 3 |  4- 6 || total
-------------------------+-------+-------++-------
Melee: Dagger            |    96 |    28 ||   124
       Unarmed           |     1 |       ||     1
 Cast: Pain              |    15 |     5 ||    20
  Use: Potion            |       |     1 ||     1
 Stab: Sleeping          |     3 |       ||     3
